 Dungeon Crawl Stone Soup version 0.13.1-2-gfb2c2b7 (webtiles) character file.

152 Lilouch the Skirmisher (level 3, 0/28 HPs)
             Began as a Mummy Chaos Knight on Dec 12, 2013.
             Was a Plaything of Xom.
             Killed from afar by an orc wizard (4 damage)
             ... with a puff of flame
             ... on Level 3 of the Dungeon.
             The game lasted 00:05:24 (2049 turns).

Lilouch the Skirmisher (Mummy Chaos Knight)         Turns: 2049, Time: 00:05:25

HP   0/28        AC  8     Str 16      XL: 3   Next: 67%
MP   3/3         EV  6     Int 11      God: Xom
Gold 97          SH  0     Dex 11      Spells:  0 memorised,  2 levels left

Res.Fire  : x . .   See Invis. : .   f - +0,+1 whip (venom)
Res.Cold  : + . .   Warding    : .   d - +0 chain mail (curse)
Life Prot.: + + +   Conserve   : .   (no shield)
Res.Poison: +       Res.Corr.  : .   (no helmet)
Res.Elec. : .       Clarity    : .   (no cloak)
Sust.Abil.: . .     Spirit.Shd : .   (no gloves)
Res.Mut.  : .       Stasis     : .   (no boots)
Res.Rott. : +       Flight     : .   (no amulet)
Saprovore : . . .                    (no ring)
                                     e - ring of poison resistance {unknown}

@: slightly resistant to hostile enchantments, extremely unstealthy
A: no food or potions, fire vulnerability, restore body, cold resistance 1, life
protection 3, poison resistance, torment resistance, unbreathing
a: Renounce Religion


You were on level 3 of the Dungeon.
You worshipped Xom.
You were a toy of Xom.
You were not hungry.

You visited 1 branch of the dungeon, and saw 3 of its levels.

You collected 77 gold pieces.

Inventory:

Hand weapons
 a - a +0,+0 spear of chaos {=f}
 f - a +0,+1 whip of venom (weapon)
 h - a +0,+0 spear (quivered)
Missiles
 j - 4 steel darts
Armour
 b - a +2 leather armour
 d - a cursed +0 chain mail (worn)
Scrolls
 c - 2 scrolls of fog
 g - a scroll of identify
 i - a scroll of remove curse {unknown}
 k - a scroll of magic mapping {unknown}
Jewellery
 e - a ring of poison resistance (left hand) {unknown}
Magical staves
 l - an uncursed staff of power


   Skills:
 + Level 3.6 Fighting
 + Level 2.9 Polearms
 + Level 2.3 Armour
 - Level 0.7 Dodging


You had 2 spell levels left.
You didn't know any spells.

Dungeon Overview and Level Annotations

Branches:
Dungeon (3/27)

Altars:
Xom

Annotations:
D:3 Pr0man's ghost, weakling DEWn


Innate Abilities, Weirdness & Mutations

You do not eat or drink.
Your flesh is vulnerable to fire.
Your flesh is cold resistant.
You are immune to negative energy.
Your system is resistant to poisons.
You are immune to unholy pain and torment.
You can survive without breathing.


Message History

The orc priest shouts!
The orc wizard points at you and mumbles some strange words.
The puff of flame hits you! The fire burns you terribly!
Xom is highly amused!
Ouch! That really hurt!
An orc comes into view.
You completely miss the orc.
The orc shouts!
The orc hits you but does no damage.
The orc wizard mumbles some strange words.
The orc wizard flickers and vanishes!
Deactivating autopickup; reactivate with Ctrl-A.
An orc wizard comes into view. It is wielding a glowing orcish dagger.
You closely miss the orc. The orc hits you with an orcish flail.
* * * LOW HITPOINT WARNING * * *
The orc wizard moves out of view.
The puff of flame hits you! The fire burns you terribly!
Xom thinks this is hilarious!
You die...
Xom snickers!

.# #.# .# ... .# .....oo
.# .#..##.## .. .......
.# #...#.. .# #...#.# .#
#...#.######## .###
#...#@o....... ..<#######
#...#.########
.#.#.....###.............
........................
.#.#........%.......##..
.#!#.................#
.#.#.###.......#.....#
.#.#.###.......#)....#
.........%...........


You could see an orc priest and 2 orcs.

Vanquished Creatures
  2 adders
  A worm (D:2)
  An ooze (D:1)
  An orc (D:3)
  4 goblins
  3 hobgoblins (D:1)
  A quokka (D:2)
  A ball python (D:1)
  4 bats
  A giant cockroach (D:2)
  A giant gecko (D:1)
  2 giant newts (D:3)
  4 kobolds
  5 rats
31 creatures vanquished.

Notes
Turn   | Place    | Note
--------------------------------------------------------------
     0 | D:1      | Lilouch, the Mummy Chaos Knight, began the quest for the Orb.
     0 | D:1      | Reached XP level 1. HP: 16/16 MP: 1/1
   157 | D:1      | XOM: silly message
   277 | D:1      | XOM: silly message
   365 | D:1      | Reached XP level 2. HP: 19/22 MP: 2/2
   537 | D:1      | Found a shimmering altar of Xom.
   538 | D:1      | Found a shimmering altar of Xom.
   545 | D:1      | Found a shimmering altar of Xom.
   940 | D:2      | XOM: divination: magic mapping
  1230 | D:2      | XOM: divination: detect items
  1452 | D:2      | Reached XP level 3. HP: 26/28 MP: 3/3
  1640 | D:3      | Noticed Pr0man's ghost (weakling DEWn)
  2049 | D:3      | Killed from afar by an orc wizard

Action                   || total
-------------------------++-------
Melee: Spear             ||    29
       Whip              ||    84
       Staff             ||    20
  Use: Scroll            ||     3
